Map: Catalyst LE

Players

RiSky - Winner!

  • Race: Zerg Zerg
  • League: Master
  • Spawn Location: 11:00

Guru

  • Race: Zerg Zerg
  • Spawn Location: 5:00

VOD

Have the link to the VOD?

Description

Time

  • Played on: Nov. 15, 2017, 5:06 p.m.
  • Length: 21:41
Show
View Real Time Build Order
Export as new Build Order

RiSky Zerg - Winner!

Build Orders: Hatch First, Lurkers 

Get SALT Encoding   

  12  0:01  Drone  
  13  0:12  Overlord  
  13  0:17  Drone  
  14  0:31  Drone x2  
  14  0:34  Drone  
  17  0:53  Hatchery  
  17  0:56  Drone  
  17  0:58  Drone  
  17  1:03  Extractor  
  17  1:15  Spawning Pool  
  17  1:17  Drone  
  17  1:21  Drone  
  18  1:28  Drone  
  19  1:38  Overlord  
  19  1:50  Drone  
  20  2:01  Queen  
  20  2:02  Zergling x2  
  20  2:06  Metabolic Boost  
  20  2:07  Queen  
  25  2:10  Drone  
  25  2:13  Drone  
  27  2:17  Drone  
  27  2:21  Drone  
  29  2:26  Drone  
  30  2:33  Zergling x2  
  31  2:40  Hatchery  
  31  2:43  Drone  
  31  2:52  Overlord  
  31  2:54  Drone  
  31  2:57  Drone  
  33  2:58  Drone  
  34  3:06  Drone  
  34  3:09  Drone  
  34  3:12  Drone x3  
  39  3:15  Overlord  
  39  3:16  Zergling x2  
  39  3:17  Zergling x2  
  39  3:19  Queen  
  41  3:24  Zergling x2  
  43  3:30  Overlord  
  43  3:33  Queen  
  45  3:39  Zergling x4  
  47  3:42  Zergling x4  
  47  3:46  Zergling x2  
  47  3:47  Zergling x2  
  51  3:52  Overlord  
  51  3:58  Zergling x2  
  51  3:59  Zergling x8  
  56  4:03  Drone  
  56  4:06  Drone  
  56  4:09  Drone  
  59  4:17  Roach Warren, Hatchery  
  59  4:18  Drone  
  59  4:19  Drone  
  59  4:28  Evolution Chamber  
  58  4:32  Drone  
  58  4:33  Drone  
  58  4:35  Drone  
  58  4:36  Drone  
  62  4:42  Extractor, Drone  
  62  4:45  Drone  
  63  4:48  Drone  
  63  4:50  Lair, Drone x2  
  63  4:51  Drone  
  67  4:54  Drone  
  67  4:55  Extractor  
  67  4:57  Drone  
  68  5:03  Zerg Missile Weapons Level 1  
  68  5:06  Overlord  
  68  5:11  Overlord x3  
  67  5:21  Extractor  
  67  5:28  Roach x5  
  75  5:31  Roach x2  
  79  5:36  Roach  
  79  5:42  Roach x2  
  85  5:44  Roach  
  85  5:48  Roach  
  79  5:57  Roach x2  
  79  6:02  Drone  
  79  6:03  Drone x7  
  90  6:09  Glial Reconstitution, Drone  
  90  6:11  Drone x4  
  92  6:13  Overlord  
  92  6:18  Overlord  
  93  6:19  Roach x3  
  99  6:26  Drone  
  99  6:27  Pneumatized Carapace  
  99  6:31  Hydralisk Den, Drone x3  
  103  6:32  Drone  
  103  6:33  Drone  
  103  6:34  Overlord  
  103  6:36  Drone x2  
  103  6:38  Extractor  
  105  6:41  Drone  
  105  6:43  Drone x2  
  105  6:44  Drone  
  105  6:45  Extractor, Drone  
  109  6:47  Overlord  
  109  6:50  Drone  
  110  6:57  Hatchery  
  109  7:01  Muscular Augments  
  109  7:08  Lurker Den  
  109  7:12  Zerg Missile Weapons Level 2  
  108  7:19  Roach  
  108  7:20  Roach x4  
  108  7:22  Overlord  
  118  7:23  Roach x2  
  122  7:31  Roach x2  
  122  7:34  Roach x2  
  122  7:35  Hydralisk x2  
  134  7:37  Overlord  
  134  7:41  Hydralisk x2  
  134  7:43  Overlord  
  138  7:45  Hydralisk  
  138  7:50  Hydralisk x2  
  144  7:55  Hydralisk  
  144  7:58  Hydralisk  
  146  8:01  Hydralisk  
  146  8:04  Hydralisk  
  152  8:08  Drone x2  
  152  8:10  Drone x3  
  157  8:13  Overlord, Hydralisk  
  157  8:19  Overlord  
  159  8:21  Extractor  
  159  8:23  Extractor  
  159  8:24  Overlord  
  157  8:31  Overlord  
  157  8:40  Lurker x3  
  157  8:41  Lurker x2  
  162  8:47  Roach x6  
  174  8:55  Roach x3  
  178  8:56  Roach  
  178  8:57  Roach x2  
  178  8:58  Roach  
  186  9:03  Overlord  
  186  9:06  Overlord  
  186  9:07  Overlord  
  184  9:24  Roach  
  184  9:25  Roach x8  
  198  9:35  Infestation Pit  
  198  9:38  Roach x2  
  199  9:45  Overseer  
  197  10:03  Roach  
  199  10:15  Hive  
  199  10:21  Unknown  
  199  10:22  Unknown  
  199  10:29  Hatchery  
  192  10:44  Roach x4  
  166  11:15  Hydralisk x12  
  200  11:26  Zerg Missile Weapons Level 3  
  200  11:31  Viper x4  
  198  11:47  Spine Crawler  
  198  11:53  Viper  
  194  12:09  Hydralisk x4  
  194  12:11  Hydralisk  
  194  12:12  Hydralisk x2  
  194  12:14  Hydralisk x2  
  200  12:36  Overlord x2  
  199  12:47  Unknown x2  
  199  12:49  Overlord  
  199  12:50  Overlord  
  199  12:52  Overseer x2  
  199  12:53  Overseer x4  
  199  13:11  Spire  
  182  13:38  Hydralisk x9  
  178  14:01  Roach x11  
  200  14:03  Zerg Ground Armor Level 1  
  193  14:20  Unknown x4  
  193  14:28  Zerg Flyer Weapons Level 1  
  143  15:18  Hydralisk  
  143  15:19  Hydralisk x15  
  153  15:41  Viper x4  
  165  15:44  Drone x9  
  165  15:45  Evolution Chamber  
  173  16:06  Unknown  
  173  16:07  Unknown x3  
  173  16:18  Corruptor x9  
  173  16:19  Corruptor x4  
  195  16:43  Zerg Ground Armor Level 2  
  195  16:47  Extractor  
  195  16:49  Extractor  
  195  16:50  Evolution Chamber  
  192  17:17  Hydralisk x3  
  174  18:15  Hydralisk x15  
  174  18:16  Unknown x4  
  176  18:24  Overlord  
  176  18:25  Overlord  
  174  18:30  Overlord x2  
  174  18:31  Overlord  
  174  18:35  Overlord  
  174  18:40  Overlord x2  
  174  18:42  Queen  
  174  18:44  Hydralisk x4  
  184  18:50  Hydralisk  
  184  18:51  Hydralisk x7  
  198  19:16  Overseer  
  198  19:22  Viper x5  
  198  19:24  Evolution Chamber  
  198  19:26  Lurker x2  
  196  19:39  Hydralisk x2  
  156  20:00  Hydralisk x7  
  156  20:01  Hydralisk x8  
  156  20:04  Hydralisk x5  
  182  20:11  Hydralisk x2  
  162  20:18  Hydralisk x7  
  176  20:24  Viper x3  
  185  20:31  Hydralisk x2  
  185  20:34  Hydralisk x3  
  195  20:43  Unknown x4  
  195  20:44  Lurker  
  196  20:50  Hatchery  
  196  20:53  Hydralisk x2  
  196  20:54  Hatchery  
  188  21:16  Hydralisk x21  
Show
View Real Time Build Order
Export as new Build Order

Guru Zerg 

Build Orders: Hatch First, Brood Lord Corruptor 

Get SALT Encoding   

  12  0:01  Drone  
  13  0:13  Overlord  
  13  0:17  Drone  
  14  0:31  Drone x2  
  14  0:35  Drone  
  17  0:52  Hatchery  
  17  0:55  Drone  
  17  0:58  Drone  
  18  1:08  Extractor  
  17  1:12  Spawning Pool  
  17  1:16  Drone  
  17  1:20  Drone  
  18  1:28  Drone  
  19  1:51  Overlord  
  19  1:59  Queen  
  19  2:00  Zergling x2  
  22  2:04  Queen  
  22  2:06  Drone x2  
  26  2:08  Metabolic Boost  
  26  2:11  Drone  
  26  2:15  Drone  
  28  2:24  Drone  
  29  2:33  Hatchery  
  29  2:36  Drone  
  29  2:39  Drone  
  29  2:43  Drone  
  31  2:47  Overlord  
  31  3:01  Queen  
  31  3:05  Zergling x6  
  36  3:06  Zergling x2  
  36  3:10  Zergling x4  
  40  3:12  Zergling x2  
  40  3:13  Zergling x4  
  40  3:17  Baneling Nest  
  41  3:22  Overlord  
  41  3:27  Overlord  
  41  3:29  Drone  
  42  3:39  Drone  
  42  3:40  Drone  
  44  3:42  Drone x2  
  46  3:49  Drone  
  46  3:50  Drone x4  
  51  3:59  Overlord x2  
  51  4:09  Drone  
  52  4:10  Drone  
  52  4:11  Roach Warren  
  52  4:13  Queen  
  53  4:20  Baneling  
  53  4:21  Baneling  
  53  4:23  Extractor, Drone  
  53  4:25  Drone x3  
  53  4:27  Baneling x2  
  53  4:31  Drone x4  
  57  4:34  Drone  
  57  4:35  Drone x2  
  63  4:42  Overlord  
  63  4:45  Overlord  
  63  4:54  Evolution Chamber, Extractor  
  63  4:56  Drone  
  63  4:57  Drone x2  
  63  4:58  Baneling x2  
  62  5:01  Overlord  
  62  5:02  Lair, Drone  
  62  5:03  Roach, Drone  
  62  5:06  Baneling x2  
  66  5:12  Extractor, Drone x2  
  66  5:13  Drone x3  
  66  5:14  Drone  
  71  5:19  Baneling x2  
  70  5:27  Overlord  
  73  5:28  Roach x2  
  73  5:29  Roach  
  73  5:31  Drone x2  
  73  5:34  Drone x4  
  81  5:39  Extractor, Drone x3  
  81  5:40  Drone x2  
  85  5:51  Overlord  
  85  5:55  Overlord  
  80  5:57  Drone x2  
  82  6:08  Drone x2  
  82  6:09  Drone  
  84  6:12  Extractor, Drone x3  
  84  6:13  Glial Reconstitution  
  84  6:15  Queen  
  84  6:18  Roach x4  
  96  6:19  Overlord  
  96  6:24  Infestation Pit, Queen x2  
  99  6:27  Zerg Missile Weapons Level 1  
  99  6:29  Spore Crawler  
  99  6:31  Evolution Chamber  
  99  6:32  Drone  
  98  6:37  Roach x3  
  98  6:38  Roach  
  98  6:39  Roach  
  106  6:47  Roach x2  
  106  6:48  Roach x3  
  106  6:51  Roach x2  
  106  6:53  Overlord  
  121  6:57  Overlord  
  121  7:02  Zerg Ground Armor Level 1  
  121  7:04  Overlord  
  121  7:07  Overlord  
  121  7:15  Roach x4  
  129  7:16  Roach x2  
  129  7:19  Hatchery  
  129  7:21  Roach  
  134  7:26  Ravager x3  
  134  7:27  Ravager  
  138  7:30  Roach x4  
  138  7:31  Roach  
  148  7:38  Roach x2  
  148  7:41  Overlord x2  
  152  7:44  Overlord  
  152  7:51  Overlord  
  152  7:54  Overlord  
  152  8:04  Roach  
  152  8:05  Roach x10  
  174  8:06  Pneumatized Carapace  
  174  8:10  Roach  
  174  8:12  Roach x3  
  182  8:16  Hydralisk Den  
  181  8:22  Roach x2  
  181  8:25  Roach x4  
  193  8:38  Overseer  
  193  8:40  Hatchery  
  192  8:46  Muscular Augments  
  192  8:48  Drone, Lurker Den  
  192  8:50  Drone  
  192  8:53  Infestation Pit  
  190  8:56  Roach  
  192  9:35  Hive  
  192  9:38  Zerg Ground Armor Level 2  
  192  9:39  Zerg Missile Weapons Level 2  
  192  9:46  Drone  
  192  9:48  Drone, Spire  
  192  9:49  Overlord  
  192  9:52  Overlord x2  
  187  9:54  Ravager x3  
  187  9:55  Ravager x2  
  190  10:01  Drone  
  190  10:19  Hydralisk x3  
  196  10:39  Hydralisk  
  196  10:40  Hydralisk x7  
  189  10:48  Hydralisk x2  
  189  10:49  Hydralisk x5  
  183  10:54  Drone x4  
  183  10:56  Hydralisk  
  189  11:05  Lurker x2  
  181  11:13  Overseer  
  181  11:14  Overseer  
  181  11:15  Overlord  
  181  11:18  Greater Spire  
  175  11:24  Overlord  
  175  11:30  Spore Crawler  
  174  11:33  Drone x3  
  174  11:35  Spore Crawler  
  176  11:43  Hatchery  
  176  11:47  Corruptor x7  
  175  11:52  Drone x2  
  175  11:53  Drone x4  
  191  12:36  Brood Lord  
  191  12:37  Brood Lord x4  
  191  12:39  Brood Lord  
  193  12:53  Drone  
  193  12:57  Drone  
  195  12:58  Extractor  
  195  12:59  Zerg Flyer Weapons Level 1  
  195  13:00  Adrenal Glands  
  195  13:02  Extractor  
  195  13:04  Zerg Melee Weapons Level 1  
  179  13:28  Corruptor  
  179  13:29  Corruptor x3  
  182  13:37  Drone x3  
  182  13:38  Drone x3  
  180  13:42  Drone  
  180  13:43  Drone x2  
  180  13:44  Drone x3  
  181  13:58  Spine Crawler, Corruptor, Brood Lord  
  181  13:59  Spine Crawler, Corruptor x2  
  181  14:00  Spine Crawler  
  181  14:01  Zergling x4  
  181  14:02  Zergling x8  
  190  14:04  Zergling x2  
  190  14:05  Zergling x18  
  194  14:23  Brood Lord x3  
  190  15:01  Brood Lord  
  190  15:02  Brood Lord x3  
  190  15:04  Drone  
  199  15:09  Overlord  
  191  15:15  Overlord  
  191  15:23  Overlord  
  191  15:25  Zerg Flyer Weapons Level 2  
  190  15:29  Hatchery  
  190  15:31  Zerg Melee Weapons Level 2  
  164  15:44  Lurker  
  164  15:46  Corruptor x4  
  164  15:47  Corruptor  
  175  15:56  Unknown x15  
  174  15:57  Corruptor x2  
  178  16:10  Drone x3  
  181  16:14  Extractor, Drone x2  
  181  16:15  Drone  
  165  16:37  Brood Lord x3  
  165  16:38  Brood Lord  
  173  16:47  Lurker  
  173  16:51  Drone x4  
  173  16:52  Drone x2  
  180  17:04  Hydralisk  
  180  17:05  Hydralisk x2  
  180  17:06  Drone x2  
  180  17:07  Drone  
  182  17:31  Hydralisk x2  
  182  17:32  Hydralisk x5  
  186  17:43  Drone x2  
  186  17:44  Drone x3  
  187  17:48  Hydralisk x2  
  186  17:58  Infestor x2  
  181  18:00  Drone x2  
  181  18:04  Drone  
  186  18:10  Hydralisk x2  
  173  18:21  Hydralisk x3  
  173  18:26  Drone x3  
  182  18:30  Drone  
  183  18:36  Extractor  
  183  18:38  Extractor, Drone x2  
  183  18:39  Drone x2  
  185  18:47  Ravager  
  185  18:48  Ravager x4  
  190  18:50  Drone x3  
  189  19:13  Brood Lord  
  191  19:24  Corruptor x2  
  195  19:37  Overlord  
  195  19:39  Hatchery  
  128  20:13  Hydralisk x2  
  128  20:14  Hydralisk x5  
  122  20:15  Hydralisk  
  136  20:26  Brood Lord x2  
  140  20:35  Extractor  
  140  20:38  Hydralisk  
  140  20:39  Extractor, Hydralisk x2  
  144  20:46  Zergling x2  
  144  20:48  Zergling x12  
  144  20:49  Zergling x4  
  152  20:54  Zergling x4  
  152  20:56  Zergling x2  
  107  21:20  Overlord  
Tags
 
Add a new tag
Caveats
  • Supply blocks, unpowered buildings, or Contaminate may cause inaccurate times.
  • Supply counts are checked every 10 seconds.